 Dungeon Crawl Stone Soup version 0.31-a0-276-ge00219d475 (webtiles) character file.

Game seed: 15953573272395278481

4155 AIAndy the Fighter (level 10, -6/52 HPs)
             Began as a Felid Shapeshifter on July 15, 2023.
             Was a Follower of Uskayaw.
             Killed from afar by an electric eel (11 damage)
             ... with a bolt of electricity
             ... on level 9 of the Dungeon.
             The game lasted 00:29:00 (8683 turns).

AIAndy the Fighter (Felid Shapeshifter)             Turns: 8683, Time: 00:29:01

Health: -6/52      AC:  6    Str: 15    XL:     10   Next: 7%
Magic:  15/15      EV: 23    Int: 11    God:    Uskayaw [*.....]
Gold:   1590       SH:  0    Dex: 16    Spells: 9/9 levels left
                                        Lives:  0   Deaths: 3

rFire   . .          .
                       - Unarmed
rCold   . . .        (shield unavailable)
rNeg    . . .        (body armour unavailable)
rPois   .            (helmet unavailable)
rElec   .            (cloak unavailable)
rCorr   .            (gloves unavailable)
SInv    +            (boots unavailable)
Will    +....        (no amulet)
Stlth   +            L - ring of flight
HPRegen 0.28/turn    O - +4 ring of protection
MPRegen 0.14/turn

%: no passive effects
@: blade hands, flying, studying Fighting, quick
A: very small, claws 1, fangs 3, see invisible, speed 1, shaggy fur 2, (stealthy
paws), no weapons or thrown items, no armour, multi-lived
a: Begin Untransformation, Renounce Religion, Stomp


You were on level 9 of the Dungeon.
You worshipped Uskayaw.
Uskayaw was noncommittal.
You had blades for front paws.
You visited 1 branch of the dungeon, and saw 9 of its levels.
You also visited: Sewer, Ossuary and Bailey.

You collected 1772 gold pieces.
You spent 182 gold pieces at shops.


Innate Abilities, Weirdness & Mutations

You have blades for front paws.
Your spellcasting is less reliable in this form.
You have sharp claws.
You have razor-sharp teeth.
You have supernaturally acute eyesight. (SInv)
You cover ground quickly. (Speed+)
You are covered in thick fur. (AC +2)
((Your paws help you pounce on unaware monsters.))
You are incapable of wielding weapons or throwing items.
You cannot wear armour.
You gain extra lives every three experience levels.


   Skills:
 + Level 11.0 Fighting
 + Level 9.5 Dodging
 + Level 8.3 Unarmed Combat
 + Level 5.8 Invocations
 + Level 10.8 Shapeshifting


You had 9 spell levels left.
You didn't know any spells.
Your spell library contained the following spells:

 Spells                   Type           Power      Damage    Failure   Level
 Magic Dart               Conj           0%         1d3       77%         1
 Sting                    Tmut/Pois      0%         1d3       77%         1
 Call Imp                 Summ           0%         N/A       86%         2
 Poisonous Vapours        Pois/Air       0%         N/A       86%         2
 Mephitic Cloud           Conj/Pois/Air  0%         N/A       96%         3
 Anguish                  Hex/Necr       0%         N/A       100%        4
 Cause Fear               Hex            0%         N/A       100%        4
 Olgreb's Toxic Radiance  Pois           0%         N/A       100%        4
 Enfeeble                 Hex            0%         N/A       100%        7

Inventory:

Jewellery
 L - a ring of flight (left blade hand)
 O - a +4 ring of protection (right blade hand)
Talismans
 b - a beast talisman
 i - a blade talisman
Wands
 j - a wand of light (9)
Scrolls
 c - 2 scrolls of immolation {!r}
 d - 5 scrolls of summoning
 e - 4 scrolls of poison {!r}
 k - 4 scrolls of fog
 n - a scroll of vulnerability {!r}
 p - 6 scrolls of teleportation {@r4}
 q - 3 scrolls of identify {@r1}
 r - a scroll of amnesia {unknown}
Potions
 a - 2 potions of enlightenment
 f - 2 potions of might
 g - a potion of magic
 h - 10 potions of curing {@q1}
 l - 2 potions of mutation {!q}
 m - 4 potions of haste {@q3}
 o - 2 potions of resistance
 s - 5 potions of cancellation
 t - 2 potions of brilliance
 u - 2 potions of invisibility
 v - a potion of ambrosia {unknown}
 w - a potion of lignification {!q}

Dungeon Overview and Level Annotations

Branches:
Dungeon (9/15)             Temple (0/1) D:4             Orc (0/2) D:9
  Sewer (visited)         Ossuary (visited)          Bailey (visited)
   Lair: D:8-11

Altars:
Cheibriados
Dithmenos
Elyvilon
Fedhas
Gozag
Kikubaaqudgha
Nemelex Xobeh
Qazlal
Ru
Uskayaw
Wu Jian
Zin
The Shining One

Shops:
D:3 *   D:7 !

Portals:
Abyss: D:7

Annotations:
D:7 2 transporters, Locuples's ghost, novice MiFi

####..............
#####.......#######...
##########...........# ..
.....................# .
....................$#####
........................≈≈≈
#########...........~..~≈≈≈
#......)~.~..~~≈≈≈≈
#.......@~≈≈.≈≈≈≈≈≈
#........S≈~~~~≈~~~
#.......~≈≈≈≈≈≈.~..
.......~~~~≈≈.....
.................
.$.....SS~~~~~~....h~~.≈
.....?....~~≈≈...~.h~~≈.
.......~~~≈≈~≈≈~..≈~h≈~~
~≈≈≈~h≈S~~.


You could see 3 electric eels.


Message History

There is an open door here.
There is a sacrificial altar of Ru here.
You reach down and open the door.
You reach down and open the door.
There is an open door here.
An electric eel is nearby!
An electric eel is nearby!
An electric eel is nearby!
Found 12 gold pieces.
The electric eel shoots out a bolt of lightning at you!
The bolt of electricity hits you!
Found a scroll of identify.
The electric eel shoots out a bolt of lightning at you!
The bolt of electricity hits you!
You closely miss the electric eel.
The electric eel shoots out a bolt of lightning at you!
The bolt of electricity hits the electric eel.
The electric eel completely resists.
The bolt of electricity hits you!
* * * LOW HITPOINT WARNING * * *
The electric eel shoots out a bolt of lightning at you!
The bolt of electricity hits you!
* * * LOW HITPOINT WARNING * * *
You closely miss the electric eel.
The electric eel shoots out a bolt of lightning at you!
The bolt of electricity hits you.
* * * LOW HITPOINT WARNING * * *
You miss the electric eel.
The electric eel shoots out a bolt of lightning at you!
The bolt of electricity hits you!
You die...

Skill      XL: |  1  2  3  4  5  6  7  8  9 10 |
---------------+-------------------------------+-----
Unarmed Combat | 3 4 5 7 8 |  8.3
Shapeshifting  | 4 6 7 9 10 | 10.8
Fighting       | 5 7 10 11 | 11.0
Dodging        | 3 5 8 9 |  9.5
Invocations    | 5 |  5.8

Action                     |  1- 3 |  4- 6 |  7- 9 | 10-12 || total
---------------------------+-------+-------+-------+-------++-------
  Melee: Unarmed           |   118 |    84 |   226 |   128 ||   556
         Bite              |     8 |     8 |    19 |    14 ||    49
         Punch             |     3 |     2 |     6 |     9 ||    20
 Invoke: Line Pass         |       |       |     1 |       ||     1
  Evoke: Wand              |       |       |       |     3 ||     3
    Use: Potion            |       |     4 |     2 |     1 ||     7
         Scroll            |       |       |    15 |     6 ||    21
   Stab: Distracted        |     1 |       |       |       ||     1
         Sleeping          |       |     1 |     1 |     1 ||     3
         Paralysed         |       |       |     7 |     7 ||    14
         Invisible         |       |       |       |     4 ||     4
 Armour: Skin              |    19 |    11 |    25 |     5 ||    60
  Dodge: Dodged            |    88 |    45 |   207 |   116 ||   456
   Form: Blade             |     1 |       |       |       ||     1

Levels and vault maps discovered:
D:1:      heliophobic_arrival_glass_houses, layout_basic,
          chequers_ecumenical_altar_grove
D:2:      layout_rooms
D:3:      layout_rooms, dreamdust_divine_triumvirate,
          nicolae_gozag_zags_fifth_avenue, serial_glass, glass_columns_b,
          glass_columns_c, glass_columns_c, glass_columns_c, glass_columns_a,
          glass_columns_c, minmay_liquid_box
D:4:      layout_loops_ring, minmay_temple_entry_sparse_star
D:5:      layout_basic, nicolae_wu_jian_immortal_techniques
D:6:      layout_basic, nicolae_overflow_macrodata_refinement,
          portal_sewer_entry_d, minmay_fire_ice_demons, uniq_grinder,
          uniq_prince_ribbit1
D:7:      layout_rooms, slow_altar_2, mainiacjoe_overflow_paths, enter_bailey_3,
          gammafunk_ghost_abyssal_escape, nicolae_stop_n_shop_2
D:8:      layout_layer_cave, serial_rivers, chequers_serial_rivers_room_a,
          chequers_serial_rivers_micro_b, chequers_serial_rivers_room_b,
          chequers_serial_rivers_micro_c, nicolae_ossuary_entry_false_entrances
D:9:      kennysheep_spiral_hall, layout_irregular_city, lemuel_doored_altar,
          erik_lair_island, orc_0_dummy

Notes
Turn   | Place    | Note
-------+----------+-------------------------------------------
     0 | D:1      | AIAndy the Felid Shapeshifter began the quest for the Orb.
     0 | D:1      | Reached XP level 1. HP: 9/9 MP: 2/2
    98 | D:1      | Reached XP level 2. HP: 13/13 MP: 3/3
   427 | D:1      | Reached XP level 3. HP: 16/16 MP: 4/4
   501 | D:1      | Reached skill level 3 in Unarmed Combat
   590 | D:1      | Found a faded altar of an unknown god.
   935 | D:1      | Prayed at the altar of an unknown god.
   935 | D:1      | Became a worshipper of Uskayaw the Reveller
   935 | D:1      | Reached * piety under Uskayaw
   990 | D:2      | Reached skill level 4 in Shapeshifting
   994 | D:2      | Reached ** piety under Uskayaw
  1434 | D:3      | Reached XP level 4. HP: 9/19 MP: 5/5
  1434 | D:3      | Reached *** piety under Uskayaw
  1439 | D:3      | Reached **** piety under Uskayaw
  1540 | D:3      | Found an opulent altar of Gozag.
  1546 | D:3      | Found Gozag's Platinum Reserve.
  1880 | D:3      | Found a white marble altar of Elyvilon.
  1881 | D:3      | Found a glowing silver altar of Zin.
  1972 | D:3      | Found a glowing golden altar of the Shining One.
  2180 | D:4      | Noticed a phantom
  2185 | D:4      | Killed a phantom
  2186 | D:4      | Reached skill level 5 in Shapeshifting
  2186 | D:4      | Reached XP level 5. HP: 14/22 MP: 6/6
  2205 | D:4      | HP: 1/15 [poisoned by a scorpion]
  2330 | D:4      | Slain by a sleepcap
  2331 | D:4      | Reached XP level 4. HP: -4/13 MP: 5/5
  2338 | D:4      | Noticed a scorpion
  2343 | D:4      | Killed a scorpion
  2344 | D:4      | Reached skill level 6 in Shapeshifting
  2344 | D:4      | Reached XP level 5. HP: 4/22 MP: 6/6
  2492 | D:4      | Gained mutation: You are covered in thick fur. (AC +2)
                  | [Felid growth]
  2492 | D:4      | Reached XP level 6. HP: 11/26 MP: 7/7
  2627 | D:4      | Found a staircase to the Ecumenical Temple.
  2639 | D:4      | Reached skill level 7 in Shapeshifting
  2851 | D:4      | Reached XP level 7. HP: 10/30 MP: 8/8
  3010 | D:5      | Entered Level 5 of the Dungeon
  3267 | D:5      | Found an ornate altar of the Wu Jian Council.
  3383 | D:5      | Reached skill level 8 in Shapeshifting
  3683 | D:6      | Found a sparkling altar of Nemelex Xobeh.
  3684 | D:6      | Found a stormy altar of Qazlal.
  3689 | D:6      | Found a shadowy altar of Dithmenos.
  3692 | D:6      | Found a blossoming altar of Fedhas.
  3830 | D:6      | Found a glowing drain.
  3842 | Sewer    | Entered a sewer
  3976 | Sewer    | Noticed Pargi
  3985 | Sewer    | Killed Pargi
  3986 | Sewer    | Reached skill level 9 in Shapeshifting
  4152 | Sewer    | Identified a scroll of acquirement
  4152 | Sewer    | Acquired a manual of Fighting
  4168 | D:6      | Noticed Grinder
  4168 | D:6      | Noticed Prince Ribbit
  4251 | D:6      | Reached XP level 8. HP: 30/34 MP: 9/9
  4257 | D:6      | Reached skill level 3 in Fighting
  4260 | D:6      | Reached ***** piety under Uskayaw
  4267 | D:6      | HP: 1/33 [wight/+3 great sword (14)]
  4268 | D:6      | Mangled by a wight
  4269 | D:6      | Reached XP level 7. HP: -8/30 MP: 8/8
  4285 | D:6      | Noticed a steam dragon
  4290 | D:6      | Reached skill level 4 in Fighting
  4290 | D:6      | Reached skill level 4 in Unarmed Combat
  4492 | D:6      | Killed a steam dragon
  4760 | D:6      | Killed Grinder
  4761 | D:6      | Reached skill level 5 in Fighting
  4761 | D:6      | Reached skill level 3 in Dodging
  4761 | D:6      | Reached XP level 8. HP: 34/37 MP: 9/9
  5018 | D:6      | Killed Prince Ribbit
  5019 | D:6      | Reached skill level 4 in Dodging
  5019 | D:6      | Reached skill level 5 in Unarmed Combat
  5123 | D:7      | Reached skill level 6 in Fighting
  5221 | D:7      | Found Hulequvi's Distillery.
  5231 | D:7      | Bought a potion of resistance for 130 gold pieces
  5231 | D:7      | Bought a potion of might for 52 gold pieces
  5286 | D:7      | Reached skill level 5 in Dodging
  5365 | D:7      | Reached skill level 7 in Fighting
  5497 | D:7      | Noticed Locuples's ghost (novice MiFi)
  5511 | D:7      | Reached XP level 9. HP: 35/43 MP: 10/10
  5592 | D:7      | Found a transporter.
  5609 | D:7      | Reached skill level 1 in Invocations
  5609 | D:7      | Found an ancient bone altar of Kikubaaqudgha.
  5623 | D:7      | Reached skill level 6 in Unarmed Combat
  5770 | D:7      | Found a flagged portal.
  5790 | D:7      | Acquired 1026 gold pieces
  5794 | Bailey   | Entered a bailey
  5813 | Bailey   | HP: 1/43 [orc warrior/+0 trident (10)]
  5816 | Bailey   | Reached skill level 6 in Dodging
  5820 | Bailey   | Reached skill level 2 in Invocations
  6140 | Bailey   | Reached skill level 10 in Fighting
  6140 | Bailey   | Reached skill level 8 in Dodging
  6140 | Bailey   | Reached skill level 7 in Unarmed Combat
  6140 | Bailey   | Reached skill level 5 in Invocations
  6140 | Bailey   | Reached skill level 10 in Shapeshifting
  6140 | Bailey   | Reached XP level 10. HP: 51/51 MP: 11/14
  6143 | Bailey   | Noticed an orc knight
  6335 | Bailey   | Noticed an orc knight
  6343 | Bailey   | Noticed an orc knight
  6354 | Bailey   | Killed an orc knight
  6360 | Bailey   | Killed an orc knight
  6361 | Bailey   | Reached skill level 9 in Dodging
  6361 | Bailey   | Reached skill level 8 in Unarmed Combat
  6364 | Bailey   | Killed an orc knight
  6639 | D:7      | Found a one-way gate to the infinite horrors of the Abyss.
  6639 | D:7      | Found a transporter.
  6704 | D:7      | Found a snail-covered altar of Cheibriados.
  6735 | D:7      | Noticed a brown ugly thing
  7412 | D:8      | Found a sand-covered staircase.
  7417 | Ossuary  | Entered an ossuary
  8421 | D:9      | Found a staircase to the Orcish Mines.
  8448 | D:9      | HP: 3/51 [hound (5)]
  8455 | D:9      | HP: 3/51 [wolf (2)]
  8455 | D:9      | Slain by a wolf
  8456 | D:9      | Reached XP level 9. HP: -4/47 MP: 14/14
  8461 | D:9      | Noticed a troll
  8466 | D:9      | Killed a troll
  8467 | D:9      | Reached XP level 10. HP: 51/51 MP: 15/15
  8509 | D:9      | Reached skill level 11 in Fighting
  8615 | D:9      | Found a sacrificial altar of Ru.
  8682 | D:9      | HP: 5/52 [electric eel/bolt of electricity (5)]
  8683 | D:9      | Killed from afar by an electric eel

Vanquished Creatures
  3 orc knights (Bailey)
  A troll (D:9)
  A hornet (D:8)
  Grinder (D:6)
  Prince Ribbit (D:6)
  A wyvern (D:7)
  A steam dragon (D:6)
  A water moccasin (D:7)
  7 orc warriors
  2 ice beasts (D:6)
  Pargi (Sewer)
  A wolf (D:9)
  3 phantoms
  3 bullfrogs
  7 scorpions
  9 wights
  9 killer bees (D:7)
  3 howler monkeys (D:8)
  A crimson imp (D:6)
  3 hounds
  2 orc priests
  2 gnoll boudas (D:7)
  2 iguanas
  2 sleepcaps (D:4)
  2 orc wizards (D:7)
  8 mummies (Ossuary)
  11 gnolls
  6 adders
  A white imp (D:6)
  3 worms
  3 dart slugs
  29 orcs
  5 ball pythons
  8 endoplasms
  A giant cockroach (D:1)
  A gnoll zombie (Ossuary)
  9 goblins
  7 hobgoblins
  12 jackals
  13 kobolds
  7 quokkas
  4 bats
  4 frilled lizards
  2 hobgoblin zombies (Ossuary)
  2 kobold zombies (Ossuary)
  3 orc zombies (Ossuary)
  5 rats
213 creatures vanquished.

Table legend: (Time is in decaauts)
 A = Elapsed time spent in this place.
 B = Non-inter-level travel time spent in this place.
 C = Inter-level travel time spent in this place.
 D = Time resting spent in this place.
 E = Time spent auto-exploring this place.
 F = Levels seen in this place.
 G = Mean time per level.
                   A        B        C        D        E       F      G
               +--------+--------+--------+--------+--------+-----+--------+
         Total |   7417 |   7177 |    240 |    240 |   5440 |  12 |  618.1 |
       Dungeon |   6279 |   6039 |    240 |    130 |   4689 |   9 |  697.7 |
         Sewer |    274 |    274 |      0 |      0 |    216 |   1 |  274.0 |
       Ossuary |    199 |    199 |      0 |      0 |    133 |   1 |  199.0 |
        Bailey |    664 |    664 |      0 |    110 |    401 |   1 |  664.0 |
               +--------+--------+--------+--------+--------+-----+--------+

Top non-repeatable levels by time:
     D:8: 1038 daAuts
     D:7: 970 daAuts
     D:6: 942 daAuts
     D:4: 817 daAuts
     D:1: 800 daAuts
  Bailey: 664 daAuts
     D:5: 569 daAuts
     D:3: 547 daAuts
     D:2: 366 daAuts
   Sewer: 274 daAuts
     D:9: 227 daAuts
 Ossuary: 199 daAuts

Table legend:
 A = Non-vault XP
 B = Vault XP
 C = Vault XP percentage of total XP
 D = Non-vault monster count
 E = Vault monster count
 F = Vault count percentage of total count
                 A         B        C        D         E       F
            +---------+---------+-------+---------+---------+-------
      Total |    4752 |    3947 |  45.4 |     150 |      63 |  29.6
            +---------+---------+-------+---------+---------+-------
        D:1 |      64 |       0 |   0.0 |      35 |       0 |   0.0
        D:2 |      23 |       0 |   0.0 |      14 |       0 |   0.0
        D:3 |      30 |       0 |   0.0 |      15 |       0 |   0.0
        D:4 |     806 |       0 |   0.0 |      25 |       0 |   0.0
        D:5 |     234 |       0 |   0.0 |       8 |       0 |   0.0
        D:6 |    1017 |     602 |  37.2 |      10 |       5 |  33.3
        D:7 |    1435 |      12 |   0.8 |      27 |       5 |  15.6
        D:8 |    1012 |       0 |   0.0 |      13 |       0 |   0.0
        D:9 |     131 |     454 |  77.6 |       3 |       3 |  50.0
      Sewer |       0 |     163 | 100.0 |       0 |       8 | 100.0
    Ossuary |       0 |     157 | 100.0 |       0 |      16 | 100.0
     Bailey |       0 |    2559 | 100.0 |       0 |      26 | 100.0
            +---------+---------+-------+---------+---------+-------
